 Dungeon Crawl Stone Soup version 0.32-a0-981-g384da2ce10 (webtiles) character file.

Game seed: 9069037443394461650

24 KennySheep the Firebug (level 2, -1/18 HPs)
             Began as a Deep Elf Cinder Acolyte on Apr 21, 2024.
             Was a High Priest of Ignis.
             Succumbed to a gnoll's poison
             ... on level 2 of the Dungeon.
             The game lasted 00:03:26 (781 turns).

KennySheep the Firebug (Deep Elf Cinder Acolyte)     Turns: 781, Time: 00:03:26

Health: -1/18      AC: 10    Str: 11    XL:     2   Next: 79%
Magic:  1/7        EV: 10    Int: 18    God:    Ignis [*****.]
Gold:   49         SH:  0    Dex: 10    Spells: 4/6 levels left

rFire   + . .        a - -1 mace (flame)
rCold   . . .        (no shield)
rNeg    . . .        b - +0 robe
rPois   .            (no helmet)
rElec   .            (no cloak)
rCorr   .            d - +0 pair of gloves
SInv    .            (no boots)
Will    .....        (no amulet)
Stlth   +            (no ring)
HPRegen 0.23/turn    (no ring)
MPRegen 0.10/turn

%: no passive effects
@: lethally poisoned (-1 -> -25), fiery-armoured
A: no striking features
a: Renounce Religion, Fiery Armour, Foxfire Swarm, Rising Flame


You were on level 2 of the Dungeon.
You worshipped Ignis.
Ignis was extremely pleased with you.
You visited 1 branch of the dungeon, and saw 2 of its levels.

You collected 49 gold pieces.

Inventory:

Hand Weapons
 a - a -1 mace of flaming (weapon)
Armour
 b - a +0 robe (worn)
 d - a +0 pair of gloves (worn)
Magical Staves
 c - a staff of alchemy


   Skills:
 + Level 2.7 Fighting
 - Level 2.1 Maces & Flails
 + Level 0.6 Dodging
 + Level 0.7 Stealth
 * Level 2.6 Spellcasting
 - Level 3.5 Fire Magic


You had 4 spell levels left.
You knew the following spells:

 Your Spells              Type           Power      Damage    Failure   Level
a - Scorch                Fire           30%        2d6       6%          2

Your spell library contained the following spells:

 Spells                   Type           Power      Damage    Failure   Level


Dungeon Overview and Level Annotations

Branches:
Dungeon (2/15)

Altars:


Message History

You open the door.
A bat and a gnoll come into view.
The gnoll shouts!
You hear a shout!
A ball python comes into view.
A gnoll comes into view. It is wielding a +0 whip of venom.
Found 5 stones.
There are monsters nearby!
The bat hits you.
You hit the bat. You burn the bat.
You kill the bat!
A gnoll comes into view. It is wielding a +0 whip.
The gnoll shouts!
You hear an angry hiss.
A ribbon worm comes into view.
You see here a bat corpse.
You close the door.
A gnoll breaks down the door.
Casting: Scorch (safe; 6% risk of failure)
Press: ? - help, Q - select action Dir - look around, f - activate Flames lash the gnoll.
The gnoll is heavily wounded.
The gnoll's fire resistance burns away.
Casting: Scorch (safe; 6% risk of failure)
Press: ? - help, Q - select action Dir - look around, f - activate Flames lash the gnoll.
The gnoll is burned terribly!
The gnoll is severely wounded.
The gnoll hits you with a +0 whip of venom.
You are poisoned.
Casting: Scorch (safe; 6% risk of failure)
Press: ? - help, Q - select action Dir - look around, f - activate Flames lash the gnoll.
The gnoll is heavily wounded.
The gnoll's fire resistance burns away.
You feel very sick.
A goblin comes into view. It is wielding a +0 dagger.
The gnoll hits you with a +0 whip of venom!
* * * LOW HITPOINT WARNING * * *
You are more poisoned.
A protective cloak of flame settles atop you.
You die...
Ignis goes out, and joins you in death.

... ... +# ... ...
#.#### .... #.##.##
.....
.######(#...####...g..
............@gSgg.....
##.<....####.....w
##......## ..(..
#.......# ....
#.†.....# ...
#...)...# +# ##.....##
##...## ##.##


You could see 3 gnolls, a goblin and a ball python.

Vanquished Creatures
  A dart slug (D:1)
  An endoplasm (D:1)
  3 hobgoblins (D:1)
  4 quokkas
  4 ball pythons (D:1)
  3 bats
  A frilled lizard (D:1)
  2 kobolds
  5 rats (D:1)
24 creatures vanquished.

Notes
Turn   | Place    | Note
-------+----------+-------------------------------------------
     0 | D:1      | KennySheep the Deep Elf Cinder Acolyte began the quest for
                  | the Orb.
     0 | D:1      | Reached XP level 1. HP: 13/13 MP: 5/5
   132 | D:1      | Found a faded altar of an unknown god.
   162 | D:1      | Reached XP level 2. HP: 14/18 MP: 7/7
   165 | D:1      | Learned a level 2 spell: Scorch
   781 | D:2      | Succumbed to a gnoll's poison

Illustrated notes

Levels and vault maps discovered:
D:1:      amcnicky_arrival_flooded_fountain, layout_basic,
          ebering_ecumenical_altar_hall
D:2:      layout_loops_corners, uniq_natasha

Skill      XL: |  1 |
---------------+----+-----
Spellcasting   | 2 |  2.6
Fighting       | |  2.7
Maces & Flails | |  2.1
Dodging        | |  0.6
Stealth        | |  0.7
Fire Magic     | |  3.5

Action                     || total
---------------------------++-------
  Melee: Mace              ||    31
   Cast: Scorch            ||    16
 Invoke: Fiery Armour      ||     2
 Armour: Robe              ||    27
  Dodge: Dodged            ||    20

Table legend: (Time is in decaauts)
 A = Elapsed time spent in this place.
 B = Non-inter-level travel time spent in this place.
 C = Inter-level travel time spent in this place.
 D = Time resting spent in this place.
 E = Time spent auto-exploring this place.
 F = Levels seen in this place.
 G = Mean time per level.
                   A        B        C        D        E       F      G
               +--------+--------+--------+--------+--------+-----+--------+
         Total |    790 |    778 |     12 |     50 |    571 |   2 |  395.0 |
       Dungeon |    790 |    778 |     12 |     50 |    571 |   2 |  395.0 |
               +--------+--------+--------+--------+--------+-----+--------+

Top non-repeatable levels by time:
     D:1: 727 daAuts
     D:2: 62 daAuts
